 Dungeon Crawl Stone Soup version 0.24-a0-290-gbb66a672fa (console) character file.

Game seed: 11066027192210293283

45 Abuh the Bolt Thrower (level 3, -4/22 HPs)
             Began as a Kobold Hunter on May 8, 2019.
             Slain by Crazy Yiuf
             ... wielding a +2 quarterstaff of chaos
              (12 damage)
             ... on level 2 of the Dungeon.
             The game lasted 00:02:33 (692 turns).

Abuh the Bolt Thrower (Kobold Hunter)                Turns: 692, Time: 00:02:34

Health: -4/22      AC:  3    Str: 10    XL:     3   Next: 90%
Magic:  3/3        EV: 15    Int: 12    God:
Gold:   17         SH:  0    Dex: 15    Spells: 2/2 levels left

rFire    . . .     SeeInvis .   a - +1 hand crossbow
rCold    . . .     Gourm    .   (shield restricted)
rNeg     . . .     Faith    .   c - +0 leather armour
rPois    .         Spirit   .   (no helmet)
rElec    .         Reflect  .   (no cloak)
rCorr    .         Harm     .   (no gloves)
MR       .....                  (no boots)
Stlth    ++........             (no amulet)
HPRegen  0.07/turn              (no ring)
MPRegen  0.08/turn              (no ring)

@: no status effects
A: small, carnivore
a: no special abilities


You were on level 2 of the Dungeon.
You were completely stuffed.

You visited 1 branch of the dungeon, and saw 2 of its levels.

You collected 17 gold pieces.

Inventory:

Hand Weapons
 a - a +1 hand crossbow (weapon)
 b - a +0 short sword
Missiles
 d - 8 bolts (quivered)
Armour
 c - a +0 leather armour (worn)
 g - a +0 scale mail
 l - a +0 scale mail
Scrolls
 h - a scroll of identify {unknown}
 k - a scroll of fog {unknown}
Potions
 e - a potion of degeneration {unknown}
 i - 2 potions of haste {unknown}
Comestibles
 f - 2 rations
 j - 2 chunks of flesh


   Skills:
 + Level 2.7 Fighting
 * Level 5.4 Crossbows
 + Level 3.0 Dodging
 + Level 2.4 Stealth


You had 2 spell levels left.
You didn't know any spells.
Your spell library was empty.

Dungeon Overview and Level Annotations

Branches:
Dungeon (2/15)

Altars:

Annotations:
D:2 Crazy Yiuf


Innate Abilities, Weirdness & Mutations

You are small and have problems with some larger weapons.
You are carnivorous and can eat meat at any time.


Message History

You are too injured to fight recklessly!
You are too injured to fight recklessly!
You are too injured to fight recklessly!
Really attack while wielding your +1 hand crossbow?
Okay, then.
Firing (i - inventory)
d - 10 bolts (quivered)
Press: ? - help, Shift-Dir - straight line, f - Crazy Yiuf
Aim: Crazy Yiuf, wielding a +2 quarterstaff of chaos and wearing a +0 cloak You shoot a bolt.
The bolt hits Crazy Yiuf but does no damage.
Crazy Yiuf says, "Whiteboard agre broken!"
Crazy Yiuf hits you but does no damage.
Firing (i - inventory)
d - 9 bolts (quivered)
Press: ? - help, Shift-Dir - straight line, f/p - Crazy Yiuf
Aim: Crazy Yiuf, wielding a +2 quarterstaff of chaos and wearing a +0 cloak You shoot a bolt.
The bolt hits Crazy Yiuf.
Crazy Yiuf is moderately wounded.
Crazy Yiuf hits you with a +2 quarterstaff of chaos!
Ouch! That really hurt!
You die...

♣ ###
♣♣)♣
#))(#♣))♣
#.))g@♣
#)))#♣♣
###


You could see Crazy Yiuf.

Vanquished Creatures
  Terence (D:2)
  2 leopard geckos (D:1)
  A giant cockroach (D:1)
  3 goblins (D:1)
  A hobgoblin (D:1)
  3 jackals (D:1)
  A frilled lizard (D:1)
  3 kobolds (D:1)
  3 rats (D:1)
18 creatures vanquished.

Notes
Turn   | Place    | Note
-------+----------+-------------------------------------------
     0 | D:1      | Abuh the Kobold Hunter began the quest for the Orb.
     0 | D:1      | Reached XP level 1. HP: 12/12 MP: 1/1
   119 | D:1      | Reached skill level 5 in Crossbows
   131 | D:1      | Reached XP level 2. HP: 9/18 MP: 2/2
   510 | D:1      | Reached XP level 3. HP: 22/22 MP: 3/3
   684 | D:2      | Found a runed translucent door.
   684 | D:2      | Noticed Crazy Yiuf
   684 | D:2      | Noticed Terence
   690 | D:2      | Killed Terence
   692 | D:2      | Slain by Crazy Yiuf

Levels and vault maps discovered:
D:1:      dpeg_arrival_stone_temple_mockup, layout_rooms
D:2:      minmay_alternating_diamond, layout_loops_cross, first_ration,
          uniq_crazy_yiuf_cottage, uniq_terence, uniq_sigmund

Skill      XL: |  1  2  3 |
---------------+----------+-----
Crossbows      | 5 |  5.4
Stealth        | 2 |  2.4
Dodging        | 3 |  3.0
Fighting       | |  2.7

Action                   || total
-------------------------++-------
 Fire: Hand crossbow     ||    59
  Eat: Chunk             ||     8
Armor: Leather armour    ||     6
Dodge: Dodged            ||    16

Table legend:
 A = Non-vault XP
 B = Vault XP
 C = Vault XP percentage of total XP
 D = Non-vault monster count
 E = Vault monster count
 F = Vault count percentage of total count
                 A         B        C        D         E       F
            +---------+---------+-------+---------+---------+-------
      Total |      29 |      36 |  55.4 |      17 |       1 |   5.6
            +---------+---------+-------+---------+---------+-------
        D:1 |      29 |       0 |   0.0 |      17 |       0 |   0.0
        D:2 |       0 |      36 | 100.0 |       0 |       1 | 100.0
            +---------+---------+-------+---------+---------+-------
